 Dungeon Crawl Stone Soup version 0.29.1-15-g9cfb28693d (webtiles) character file.

Game seed: 12365578865592887378

4762 Farfigtubin the Cleaver (level 10, -8/90 HPs)
             Began as a Hill Orc Fighter on Feb 25, 2023.
             Was a Follower of Beogh.
             Mangled by a two-headed ogre
             ... wielding a +0 giant spiked club
              (15 damage)
             ... on level 9 of the Dungeon on Feb 27, 2023.
             The game lasted 01:03:25 (9586 turns).

Farfigtubin the Cleaver (Hill Orc Fighter)          Turns: 9586, Time: 01:03:25

Health: -8/90      AC: 18    Str: 24    XL:     10   Next: 47%
Magic:  10/10      EV:  6    Int:  8    God:    Beogh [*.....]
Gold:   493        SH:  5    Dex: 10    Spells: 9/9 levels left

rFire   . . .      SeeInvis .   a - +0 war axe
rCold   . . .      Faith    .   c - +0 buckler
rNeg    + . .      Spirit   .   Q - +0 plate armour
rPois   .          Reflect  .   w - +2 hat
rElec   .          Harm     .   F - +0 cloak
rCorr   .          Rampage  .   (no gloves)
Will    +....                   p - +0 pair of boots
Stlth   ..........              (no amulet)
HPRegen 0.25/turn               P - ring of willpower
MPRegen 0.12/turn               j - ring of positive energy

@: no status effects
A: no striking features
a: Renounce Religion


You were on level 9 of the Dungeon.
You worshipped Beogh.
Beogh was aware of your devotion.
You visited 2 branches of the dungeon, and saw 10 of its levels.

You collected 493 gold pieces.

Inventory:

Hand Weapons
 a - a +0 war axe (weapon)
 M - a +4 trident
Missiles
 g - 11 poisoned darts (quivered)
 h - 86 stones
 K - 3 boomerangs
Armour
 c - a +0 buckler (worn)
 p - a +0 pair of boots (worn)
 w - a +2 hat (worn)
 F - a +0 cloak (worn)
 Q - a +0 plate armour (worn)
Jewellery
 j - a ring of positive energy (right hand)
 y - a ring of protection from cold
 G - a ring of ice
 P - a ring of willpower (left hand)
Wands
 e - a wand of charming (6)
 t - a wand of flame (30)
 x - a wand of quicksilver (5)
 N - a wand of mindburst (17)
 R - a wand of roots (6)
Scrolls
 b - a scroll of amnesia {unknown}
 i - 2 scrolls of butterflies {unknown}
 k - 4 scrolls of immolation
 l - 4 scrolls of identify {@r1}
 n - 2 scrolls of fear {unknown}
 o - a scroll of torment {unknown}
 s - 6 scrolls of teleportation {unknown}
 A - a scroll of magic mapping {unknown}
 B - a scroll of enchant armour {unknown}
 C - a scroll of vulnerability {unknown}
 E - 2 scrolls of blinking {unknown}
 H - a scroll of noise {unknown}
 I - 2 scrolls of enchant weapon {unknown}
Potions
 d - 3 potions of might
 f - a potion of haste {unknown}
 m - 3 potions of heal wounds {unknown}
 q - a potion of resistance
 r - 2 potions of degeneration {unknown}
 u - a potion of berserk rage {unknown}
 v - a potion of brilliance {unknown}
 z - a potion of flight {unknown}
 D - 3 potions of lignification
 J - 2 potions of cancellation {unknown}
 L - 2 potions of mutation {unknown}
 O - a potion of ambrosia {unknown}
 S - a potion of invisibility {unknown}


   Skills:
 + Level 8.8 Fighting
 * Level 12.6 Axes
 + Level 8.1 Armour
 + Level 8.1 Shields


You had 9 spell levels left.
You didn't know any spells.
Your spell library contained the following spells:

 Spells                   Type           Power      Damage    Failure   Level
 Magic Dart               Conj           0%         1d3       100%        1
 Sandblast                Erth           0%         2d4       100%        1
 Sting                    Tmut/Pois      0%         1d3       100%        1
 Call Imp                 Summ           0%         N/A       100%        2
 Ensorcelled Hibernation  Hex/Ice        0%         N/A       100%        2
 Passwall                 Tmut/Erth      0%         N/A       100%        2
 Poisonous Vapours        Pois/Air       0%         N/A       100%        2
 Call Canine Familiar     Summ           0%         N/A       100%        3
 Mephitic Cloud           Conj/Pois/Air  0%         N/A       100%        3
 Portal Projectile        Hex/Tloc       0%         N/A       100%        3
 Stone Arrow              Conj/Erth      0%         3d7       100%        3
 Swiftness                Air            0%         N/A       100%        3
 Leda's Liquefaction      Hex/Erth       0%         N/A       100%        4
 Olgreb's Toxic Radiance  Pois           0%         N/A       100%        4
 Summon Forest            Summ/Tloc      0%         N/A       100%        5
 Summon Mana Viper        Hex/Summ       0%         N/A       100%        5
 Summon Cactus Giant      Summ           0%         N/A       100%        6


Dungeon Overview and Level Annotations

Branches:
Dungeon (9/15)             Temple (1/1) D:4            Lair (0/5) D:8
    Orc (0/2) D:9

Altars:
Ashenzari
Cheibriados
Dithmenos
Fedhas
Gozag
Hepliaklqana
Kikubaaqudgha
Makhleb
Nemelex Xobeh
Qazlal
Ru
Sif Muna
Trog
Uskayaw
Vehumet
Wu Jian
Xom
Yredelemnul
Zin

Shops:
D:1 *[:((   D:4 :   D:7 =[[[

Annotations:
D:3 Grinder, Sigmund
D:4 2 transporters
D:7 1 runed translucent door, Crazy Yiuf


Message History

The two-headed ogre is poisoned.
Throw: 15 darts (poison)
Press: ? - help, Q - select action, (/) - cycle Shift-Dir - straight line, f/p - two-headed ogre
Aim: a two-headed ogre, wielding a +0 giant spiked club and a +0 giant club (lightly wounded, poisoned, 75% to hit)
You throw a poisoned dart.
The poisoned dart barely misses the two-headed ogre.
Throw: 14 darts (poison)
Press: ? - help, Q - select action, (/) - cycle Shift-Dir - straight line, f/p - two-headed ogre
Aim: a two-headed ogre, wielding a +0 giant spiked club and a +0 giant club (lightly wounded, poisoned, 75% to hit)
You throw a poisoned dart.
The poisoned dart hits the two-headed ogre.
The two-headed ogre is lightly wounded.
Throw: 13 darts (poison)
Press: ? - help, Q - select action, (/) - cycle Shift-Dir - straight line, f/p - two-headed ogre
Aim: a two-headed ogre, wielding a +0 giant spiked club and a +0 giant club (lightly wounded, poisoned, 75% to hit)
You throw a poisoned dart.
The poisoned dart hits the two-headed ogre.
The two-headed ogre is lightly wounded.
Throw: 12 darts (poison)
Press: ? - help, Q - select action, (/) - cycle Shift-Dir - straight line, f/p - two-headed ogre
Aim: a two-headed ogre, wielding a +0 giant spiked club and a +0 giant club (lightly wounded, poisoned, 75% to hit)
You throw a poisoned dart.
The poisoned dart hits the two-headed ogre.
The two-headed ogre is lightly wounded.
The two-headed ogre hits you with a +0 giant spiked club!!
The two-headed ogre hits you with a +0 giant club!
The two-headed ogre hits you but does no damage.
The two-headed ogre hits you with a +0 giant club.
You barely miss the two-headed ogre.
The two-headed ogre is lightly wounded.
You slash the two-headed ogre!
The two-headed ogre is moderately wounded.
The two-headed ogre hits you with a +0 giant spiked club.
The two-headed ogre hits you with a +0 giant club!
You hit the two-headed ogre but do no damage.
The two-headed ogre is moderately wounded.
The two-headed ogre hits you with a +0 giant spiked club!!
* * * LOW HITPOINT WARNING * * *
The two-headed ogre hits you with a +0 giant club!
You die...

.# #...# #.............# #....#
.# #...# #..........(..# #....#
.# #...# #.............# #....#
.# #...# #........(....# #....#
>####...# #.............# #....#
........####......(......###.....
.................(...............
................O................
.............[[<@................
........###......................
..).....# #.....................[
........# #......................
........# #..................<...
######### #######################


You could see a two-headed ogre (poisoned).

Vanquished Creatures
  Erica (D:8)
  Joseph (D:7)
  A troll (D:9)
  A hornet (D:6)
  A wyvern (D:9)
  A steam dragon (D:7)
  An acid dragon (D:8)
  3 water moccasins
  2 orc warriors
  An ice beast (D:5)
  A sky beast (D:6)
  A black bear (D:6)
  A centaur (D:7)
  An ogre (D:5)
  A phantom (D:7)
  Blork the orc (D:4)
  2 bullfrogs
  2 necrophages
  7 scorpions
  A gnoll sergeant (D:9)
  3 wights (D:9)
  5 killer bees
  3 howler monkeys
  A jelly (D:5)
  4 hounds
  2 orc priests
  2 iguanas (D:6)
  7 orc wizards
  Ijyb (D:5)
  Natasha (D:3)
  4 adders
  10 gnolls
  2 shadow imps
  An ufetubus (D:6)
  A worm (D:3)
  A dart slug (D:4)
  27 orcs
  10 ball pythons
  4 endoplasms
  7 giant cockroaches
  8 goblins
  4 hobgoblins
  8 kobolds
  3 quokkas
  5 bats
  3 frilled lizards (D:2)
  10 rats
  A butterfly (D:4)
169 creatures vanquished.

Vanquished Creatures (others)
  2 orc priests (D:7)
  An orc wizard (D:7)
  2 gnolls (D:7)
  An orc (D:7)
  2 fungi (D:3)
  7 plants (D:3)
15 creatures vanquished.

Grand Total: 184 creatures vanquished

Notes
Turn   | Place    | Note
-------+----------+-------------------------------------------
     0 | D:1      | Farfigtubin the Hill Orc Fighter began the quest for the
                  | Orb.
     0 | D:1      | Reached XP level 1. HP: 19/19 MP: 1/1
   134 | D:1      | Found Jeuf's Weapon Boutique.
   231 | D:1      | Found Tadomudi's Antique Weapon Emporium.
   270 | D:1      | Found Cuhy's Antique Armour Shop.
   282 | D:1      | Found Torawn's Book Shoppe.
   530 | D:2      | Reached skill level 3 in Axes
   542 | D:2      | Reached XP level 2. HP: 24/27 MP: 2/2
   543 | D:3      | Noticed Natasha
   884 | D:2      | Reached XP level 3. HP: 32/33 MP: 3/3
   971 | D:1      | Found Alasimy's Assorted Antiques.
  1405 | D:3      | Noticed Sigmund
  1795 | D:3      | Killed Natasha
  1796 | D:3      | Reached skill level 4 in Axes
  1796 | D:3      | Reached XP level 4. HP: 36/40 MP: 4/4
  1978 | D:4      | Found a snail-covered altar of Cheibriados.
  2076 | D:3      | Found a faded altar of an unknown god.
  2171 | D:4      | Noticed Blork the orc
  2217 | D:3      | Noticed Grinder
  2320 | D:4      | Found Pepreple's Book Emporium.
  2349 | D:4      | Found a transporter.
  2372 | D:4      | Reached XP level 5. HP: 43/46 MP: 5/5
  2418 | D:5      | Entered Level 5 of the Dungeon
  2513 | D:4      | Killed Blork the orc
  2514 | D:4      | Reached skill level 5 in Axes
  2514 | D:4      | Reached XP level 6. HP: 37/53 MP: 6/6
  2726 | D:4      | Found a stormy altar of Qazlal.
  2800 | D:4      | Found a staircase to the Ecumenical Temple.
  2805 | D:4      | Found a broken altar of Ashenzari.
  2807 | D:4      | Found a hide-covered altar of Uskayaw.
  2807 | D:4      | Found a transporter.
  2809 | Temple   | Entered the Ecumenical Temple
  2870 | D:4      | Found a bloodstained altar of Trog.
  3421 | D:4      | Found a hazy altar of Hepliaklqana.
  3445 | D:5      | Noticed an ice beast
  3451 | D:5      | Killed an ice beast
  3452 | D:5      | Reached skill level 5 in Fighting
  3507 | D:5      | Reached skill level 6 in Axes
  3581 | D:5      | Found an opulent altar of Gozag.
  3627 | D:4      | Reached XP level 7. HP: 54/61 MP: 7/7
  3692 | D:5      | Reached skill level 5 in Shields
  3695 | D:5      | Reached skill level 5 in Armour
  3874 | D:5      | Reached skill level 7 in Axes
  3925 | D:5      | Noticed Ijyb
  3938 | D:5      | Killed Ijyb
  4013 | D:5      | Reached XP level 8. HP: 70/70 MP: 8/8
  4459 | D:6      | Reached skill level 8 in Axes
  4490 | D:6      | Noticed a hornet
  4498 | D:6      | Paralysed by a hornet for 1 turns
  4502 | D:6      | Killed a hornet
  4800 | D:6      | Reached skill level 9 in Axes
  4809 | D:6      | Noticed a troll
  5691 | D:7      | Reached XP level 9. HP: 74/78 MP: 9/9
  5723 | D:7      | Became a worshipper of Beogh the Brigand
  5754 | D:7      | Found Weqour's Antique Armour Shop.
  5754 | D:7      | Found Foriomih's Antique Armour Shop.
  5754 | D:7      | Noticed Joseph
  5774 | D:7      | Reached skill level 10 in Axes
  5785 | D:7      | Killed Joseph
  6074 | D:7      | Found Bagichaf's Jewellery Shop.
  6081 | D:7      | Found Jehoss's Armour Shop.
  6295 | D:7      | Found a runed translucent door.
  6296 | D:7      | Noticed Crazy Yiuf
  6424 | D:8      | Reached skill level 11 in Axes
  6436 | D:8      | Noticed Erica
  7143 | D:8      | Reached * piety under Beogh
  7497 | D:8      | Killed Erica
  7498 | D:8      | Reached skill level 12 in Axes
  7498 | D:8      | Reached XP level 10. HP: 26/90 MP: 10/10
  7857 | D:8      | Found a staircase to the Lair.
  8656 | D:9      | Found a staircase to the Orcish Mines.
  9489 | D:9      | Noticed a two-headed ogre
  9586 | D:9      | Mangled by a two-headed ogre

Illustrated notes

Levels and vault maps discovered:
D:1:      dpeg_arrival_water_temple_mockup, layout_basic, serial_shops,
          nicolae_shop_overgrown_old_shop, nicolae_shop_bloodbath_and_beyond,
          nicolae_lakefront_shop, nicolae_shop_window_shopping, shop_fountains
D:2:      layout_basic, st_stairs_13
D:3:      layout_rooms, amcnicky_altar_gilded,
          shapermc_ecumenical_altar_mp_ritualfount, gup_sewer_entry_spiral,
          minmay_misc_feat_five, chequers_jeans, kennysheep_generic_room_2,
          uniq_grinder, uniq_sigmund, uniq_natasha
D:4:      gammafunk_cloud_chamber, layout_basic, lemuel_doored_altar,
          kennysheep_little_box, nicolae_overflow_hidden_temple,
          grunt_temple_overflow_open, minmay_temple_entry_butterflies,
          serial_shops, nicolae_square_shop, uniq_blork_the_orc
D:5:      lemuel_ice_spiral_2, layout_rooms, mainiacjoe_overflow_tiny_flanked,
          uniq_ijyb
D:6:      layout_basic, st_stairs_1
D:7:      layout_cave_pools, minmay_shop_grid_forest, uniq_menkaure,
          uniq_crazy_yiuf_cottage, uniq_joseph
D:8:      layout_loops_ring, lair_entry_dummy, uniq_erica
D:9:      layout_small_grid, orc_0_dummy
Temple:   nicolae_temple_x_marks_the_god

Skill      XL: |  1  2  3  4  5  6  7  8  9 10 |
---------------+-------------------------------+-----
Axes           | 3 4 5 6 7 9 12 | 12.6
Fighting       | 4 5 6 8 |  8.8
Shields        | 4 5 6 7 8 |  8.1
Armour         | 4 5 6 7 8 |  8.1

Action                   |  1- 3 |  4- 6 |  7- 9 | 10-12 || total
-------------------------+-------+-------+-------+-------++-------
Melee: War axe           |   132 |   151 |   253 |   107 ||   643
Throw: Dart              |       |     6 |    11 |     8 ||    25
       Stone             |       |       |     8 |       ||     8
       Boomerang         |       |       |       |     8 ||     8
Invok: Convert to Beogh  |       |       |     1 |       ||     1
Evoke: Wand              |       |     5 |    11 |       ||    16
  Use: Scroll            |       |       |     2 |     1 ||     3
       Potion            |       |       |     2 |       ||     2
Armor: Scale mail        |    67 |    71 |     5 |       ||   143
       Chain mail        |       |       |   201 |    14 ||   215
       Plate armour      |       |       |       |    42 ||    42
Dodge: Dodged            |    73 |    70 |   102 |    28 ||   273
Block: Buckler           |    30 |    26 |    61 |    21 ||   138
